 Dungeon Crawl Stone Soup version 0.31-a0-978-g1e143483b6 (webtiles) character file.

Game seed: 5962297765700189851

149 Lusmu the Gusty (level 5, 0/28 HPs)
             Began as a Tengu Air Elementalist on Oct 30, 2023.
             Slain by an orc warrior
             ... wielding a +0 war axe
              (15 damage)
             ... on level 4 of the Dungeon.
             The game lasted 00:25:42 (3343 turns).

Lusmu the Gusty (Tengu Air Elementalist)            Turns: 3343, Time: 00:25:42

Health: 0/28       AC:  3    Str: 10    XL:     5   Next: 31%
Magic:  3/9        EV: 12    Int: 16    God:
Gold:   109        SH:  0    Dex: 14    Spells: 5/9 levels left

rFire   . . .        i - +0 dagger (venom)
rCold   . . .        (no shield)
rNeg    . . .        a - +0 robe
rPois   .            (helmet restricted)
rElec   .            (no cloak)
rCorr   .            q - +0 pair of gloves
SInv    .            (boots unavailable)
Will    .....        (no amulet)
Stlth   ++           (no ring)
HPRegen 0.24/turn    (no ring)
MPRegen 0.11/turn

%: acrobat
@: swift, very quick
A: beak, talons 3, acrobatic
a: no special abilities


You were on level 4 of the Dungeon.
You visited 1 branch of the dungeon, and saw 4 of its levels.

You collected 157 gold pieces.
You spent 48 gold pieces at shops.

Inventory:

Hand Weapons
 i - a +0 dagger of venom (weapon)
 j - a +0 sling
 r - a +0 trident
 s - a +0 rapier
Missiles
 h - 7 poisoned darts (quivered)
 l - 52 stones
Armour
 a - a +0 robe (worn)
 d - a +0 leather armour
 q - a +0 pair of gloves (worn)
 v - a +0 tower shield
Jewellery
 f - an amulet of regeneration
Wands
 t - a wand of paralysis (6)
 u - a wand of flame (6)
Scrolls
 c - 2 scrolls of poison
 e - a scroll of enchant weapon
 k - a scroll of brand weapon
 m - a scroll of vulnerability
 o - a scroll of immolation
 p - 2 scrolls of teleportation {unknown}
Potions
 b - a potion of magic
 g - 2 potions of lignification {unknown}


   Skills:
 - Level 2.1 Dodging
 * Level 3.5 Stealth
 + Level 2.6 Spellcasting
 * Level 3.6 Conjurations
 * Level 5.2 Air Magic


You had 5 spell levels left.
You knew the following spells:

 Your Spells              Type           Power      Damage    Failure   Level
a - Shock                 Conj/Air       64%        1d7       3%          1
b - Swiftness             Air            18%        N/A       7%          3

Your spell library contained the following spells:

 Spells                   Type           Power      Damage    Failure   Level
 Static Discharge         Conj/Air       32%        3-5/arc   4%          2
 Momentum Strike          Conj/Tloc      14%        3d8       14%         2
 Airstrike                Air            9%         2d(2-18)  22%         4
 Stone Arrow              Conj/Erth      14%        3d7       28%         3
 Blink                    Tloc           4%         N/A       30%         2
 Lesser Beckoning         Tloc           4%         N/A       30%         2
 Ozocubu's Armour         Ice            2%         N/A       52%         3
 Vhi's Electric Charge    Tloc/Air       20%        N/A       54%         4
 Arcjolt                  Conj/Air       8%         1d18      65%         5
 Animate Armour           Summ/Erth      4%         N/A       89%         4
 Metabolic Englaciation   Hex/Ice        1%         N/A       99%         5
 Simulacrum               Ice/Necr       1%         N/A       100%        6
 Lehudib's Crystal Spear  Conj/Erth      3%         10d3      100%        8
 Maxwell's Capacitive Co  Air            9%         ∞         100%        8


Dungeon Overview and Level Annotations

Branches:
Dungeon (4/15)
 Temple: D:4-7

Altars:

Shops:
D:1 ?


Innate Abilities, Weirdness & Mutations

You have a beak for a mouth.
You have claws for feet.
You can magically evade attacks while moving or waiting.


Message History

Casting: Shock (safe; 3% risk of failure)
Confirm with . or Enter, or press ? or * to list all spells.
Aiming: Shock (safe; 3% risk of failure)
Press: ? - help, Shift-Dir - straight line, f/p - orc warrior
Aim: an orc warrior, wielding a +0 war axe and wearing a +0 chain mail (68% to hit)
The zap misses the orc warrior.
Casting: Shock (safe; 3% risk of failure)
Confirm with . or Enter, or press ? or * to list all spells.
Aiming: Shock (safe; 3% risk of failure)
Press: ? - help, Shift-Dir - straight line, f/p - orc warrior
Aim: an orc warrior, wielding a +0 war axe and wearing a +0 chain mail (68% to hit)
The zap hits the orc warrior.
The orc warrior is lightly wounded.
Casting: Shock (safe; 3% risk of failure)
Confirm with . or Enter, or press ? or * to list all spells.
Aiming: Shock (safe; 3% risk of failure)
Press: ? - help, Shift-Dir - straight line, f/p - orc warrior
Aim: an orc warrior, wielding a +0 war axe and wearing a +0 chain mail (lightly wounded, 68% to hit)
The zap misses the orc warrior.
You barely miss the orc warrior. Your kick misses the orc warrior.
You peck the orc warrior.
The orc warrior is lightly wounded.
The orc warrior hits you with a +0 war axe!
You barely miss the orc warrior.
You claw the orc warrior, but do no damage.
The orc warrior is lightly wounded.
The orc warrior misses you.
You hit the orc warrior but do no damage.
Your peck misses the orc warrior.
The orc warrior is lightly wounded.
The orc warrior barely misses you.
You closely miss the orc warrior. Your kick misses the orc warrior.
The orc warrior is lightly wounded.
The orc warrior hits you with a +0 war axe.
Casting: Shock (safe; 3% risk of failure)
Confirm with . or Enter, or press ? or * to list all spells.
You feel quick.
The orc warrior hits you with a +0 war axe!
Ouch! That really hurt!
You die...

##### ########## #...#
#......... # #...#
#.###.....
..#####...#####...'.....
..............#..##.....
..............#..##.....
((....o@......#..###.###
.....##...#####..# #.#
.....##...#####..# #.###
. ...............###....
......................
.............#........
.............#########
......................
...#######'#######...#


You could see an orc warrior.

Vanquished Creatures
  A hound (D:3)
  3 adders
  2 worms (D:2)
  A dart slug (D:2)
  2 orcs
  5 bats
  2 endoplasms
  7 giant cockroaches
  8 goblins
  7 hobgoblins
  12 jackals
  6 quokkas
  3 ball pythons
  3 frilled lizards
  7 kobolds
  5 rats
74 creatures vanquished.

Notes
Turn   | Place    | Note
-------+----------+-------------------------------------------
     0 | D:1      | Lusmu the Tengu Air Elementalist began the quest for the
                  | Orb.
     0 | D:1      | Reached XP level 1. HP: 10/10 MP: 4/4
   343 | D:1      | Reached XP level 2. HP: 15/15 MP: 6/6
   440 | D:1      | Found Veiwkosm's Magic Scroll Shop.
   746 | D:1      | Reached XP level 3. HP: 19/19 MP: 7/7
  1445 | D:2      | Reached XP level 4. HP: 21/24 MP: 4/8
  1875 | D:1      | Bought a scroll of identify for 24 gold pieces
  1875 | D:1      | Bought a scroll of identify for 24 gold pieces
  2704 | D:3      | Reached skill level 5 in Air Magic
  2888 | D:3      | Learned a level 3 spell: Swiftness
  3087 | D:3      | Reached XP level 5. HP: 8/28 MP: 9/9
  3332 | D:4      | Noticed an orc warrior
  3343 | D:4      | Slain by an orc warrior

Illustrated notes

Levels and vault maps discovered:
D:1:      erik_arrival_orb_chamber, layout_loops_ring, serial_shops,
          nicolae_diamond_shop
D:2:      kennysheep_big_flooded_room, layout_rooms, roderic_three_in_a_row,
          hex_intersection, minmay_heptomino_o4
D:3:      layout_loops_corners
D:4:      layout_basic, nicolae_kikubaaqudgha_miasma_corner, minmay_manual_mail

Skill      XL: |  1  2  3  4 |
---------------+-------------+-----
Conjurations   | 2 3 |  3.6
Stealth        | 3 |  3.5
Air Magic      | 5 |  5.2
Dodging        | |  2.1
Spellcasting   | |  2.6

Action                     |  1- 3 |  4- 6 || total
---------------------------+-------+-------++-------
  Melee: Dagger            |    63 |    75 ||   138
         Kick              |    13 |    19 ||    32
         Peck              |     8 |    21 ||    29
  Throw: Dart              |       |     3 ||     3
   Cast: Shock             |    32 |    20 ||    52
         Swiftness         |       |     2 ||     2
    Use: Scroll            |       |     7 ||     7
   Stab: Sleeping          |     4 |     2 ||     6
 Armour: Robe              |    25 |    45 ||    70
  Dodge: Dodged            |    42 |    60 ||   102

Table legend: (Time is in decaauts)
 A = Elapsed time spent in this place.
 B = Non-inter-level travel time spent in this place.
 C = Inter-level travel time spent in this place.
 D = Time resting spent in this place.
 E = Time spent auto-exploring this place.
 F = Levels seen in this place.
 G = Mean time per level.
                   A        B        C        D        E       F      G
               +--------+--------+--------+--------+--------+-----+--------+
         Total |   3341 |   3268 |     73 |    416 |   1784 |   4 |  835.2 |
       Dungeon |   3341 |   3268 |     73 |    416 |   1784 |   4 |  835.2 |
               +--------+--------+--------+--------+--------+-----+--------+

Top non-repeatable levels by time:
     D:1: 1016 daAuts
     D:2: 982 daAuts
     D:3: 928 daAuts
     D:4: 415 daAuts
